EVO
UNIVERSITY OF SOUTH CAROLINA GAMECOCKS @ UCLA BRUINS
08/07/2048
 
TOP OF THE 1ST
University of South Carolina Gamecocks batting - Pitching for UCLA Bruins : LHP Daniel McConnell
Pitching: LHP Daniel McConnell
Batting: LHB Jörg Young 0-0: Foul Ball, location: 2F
0-1: Ball
1-1: Called Strike
1-2: Ground out 4-3 (Groundball, 4, EV 82.5 MPH)
Batting: RHB Keith Lynch 0-0: SOLO HOME RUN (Flyball, 89XD, EV 106.9 MPH), Distance : 421 ft
Batting: SHB Keith Mihas 0-0: Called Strike
0-1: Ball
1-1: Swinging Strike
1-2: Strikes out swinging
Batting: RHB Brian Passalacqua 0-0: Called Strike
0-1: Fly out, F9 (Flyball, 89M, EV 78.8 MPH)
Top of the 1st over - 1 run, 1 hit, 0 errors, 0 left on base; University of South Carolina 1 - UCLA 0
BOTTOM OF THE 1ST
UCLA Bruins batting - Pitching for University of South Carolina Gamecocks : LHP David Saltzman
Pitching: LHP David Saltzman
Batting: LHB Mark Cummings 0-0: Ball
1-0: Ball
2-0: Foul Ball, location: 2F
2-1: Hit by Pitch
Batting: RHB Ken Hillman 0-0: Ball
1-0: Called Strike
1-1: Foul Ball, location: 2F
1-2: Grounds into double play, 4-6-3 (Groundball, 4, EV 83.8 MPH)
Batting: RHB Andy Knerr 0-0: Called Strike
0-1: Foul Ball, location: 2F
0-2: Ball
1-2: Ground out 6-3 (Groundball, 6, EV 83.8 MPH)
Bottom of the 1st over - 0 runs, 0 hits, 0 errors, 0 left on base; University of South Carolina 1 - UCLA 0
TOP OF THE 2ND
University of South Carolina Gamecocks batting - Pitching for UCLA Bruins : LHP Daniel McConnell
Batting: RHB Phil Hanley 0-0: Called Strike
0-1: Swinging Strike
0-2: Strikes out looking
Batting: RHB Ben Turner 0-0: Ball
1-0: Ball
2-0: Called Strike
2-1: Ball
3-1: Foul Ball, location: 2F
3-2: Ground out 5-3 (Groundball, 5, EV 76.9 MPH)
Batting: RHB Danny Narvaez 0-0: Called Strike
0-1: Called Strike
0-2: Ball
1-2: Fly out, F7 (Flyball, 7LS, EV 90.0 MPH)
Top of the 2nd over - 0 runs, 0 hits, 0 errors, 0 left on base; University of South Carolina 1 - UCLA 0
BOTTOM OF THE 2ND
UCLA Bruins batting - Pitching for University of South Carolina Gamecocks : LHP David Saltzman
Batting: RHB Corey Bradley 0-0: Fly out, F7 (Flyball, 7D, EV 105.0 MPH)
Batting: SHB Sean Munns 0-0: Ball
1-0: Ball
2-0: Called Strike
2-1: Ground out 6-3 (Groundball, 6, EV 105.0 MPH)
Batting: RHB Issac Konol 0-0: Ball
1-0: Fly out, F8 (Flyball, 8RS, EV 90.0 MPH)
Bottom of the 2nd over - 0 runs, 0 hits, 0 errors, 0 left on base; University of South Carolina 1 - UCLA 0
TOP OF THE 3RD
University of South Carolina Gamecocks batting - Pitching for UCLA Bruins : LHP Daniel McConnell
Batting: LHB David Saltzman 0-0: Called Strike
0-1: Ground out 6-3 (Groundball, 6, EV 83.1 MPH)
Batting: RHB Jonathan Long 0-0: Called Strike
0-1: Ball
1-1: Foul Ball, location: 2F
1-2: Strikes out swinging
Batting: LHB Jörg Young 0-0: Ball
1-0: Swinging Strike
1-1: Ball
2-1: Called Strike
2-2: Ball
3-2: SINGLE (Flyball, 56D, EV 89.4 MPH)
Batting: RHB Keith Lynch 0-0: Ball
1-0: Ball
2-0: Called Strike
2-1: Foul Ball, location: 2F
2-2: Ball
3-2: Base on Balls
Jörg Young to second
Batting: SHB Keith Mihas 0-0: Called Strike
0-1: Called Strike
0-2: Fielders Choice at 2nd, 6-4 (Groundball, 6, EV 83.1 MPH)
Top of the 3rd over - 0 runs, 1 hit, 0 errors, 2 left on base; University of South Carolina 1 - UCLA 0
BOTTOM OF THE 3RD
UCLA Bruins batting - Pitching for University of South Carolina Gamecocks : LHP David Saltzman
Batting: LHB Scott Mullett 0-0: Ball
1-0: Swinging Strike
1-1: Called Strike
1-2: Ground out 5-3 (Groundball, 56, EV 84.4 MPH)
Batting: RHB Michael Alvarado 0-0: Foul Ball, location: 2F
0-1: Ball
1-1: SINGLE (Flyball, 4MD, EV 91.9 MPH)
Batting: RHB Ivan Murillo 0-0: Ball
1-0: Ball
2-0: Ball
Wild Pitch!
Michael Alvarado to second
3-0: Base on Balls
Batting: LHB Mark Cummings 0-0: Ball
1-0: Ball
2-0: Fielders Choice at 2nd, 6-4 (Groundball, 6S, EV 84.4 MPH)
Michael Alvarado to third
Batting: RHB Ken Hillman 0-0: Called Strike
0-1: Foul Ball, location: 2F
0-2: Fly out, F8 (Line Drive, 78D, EV 95.0 MPH)
Bottom of the 3rd over - 0 runs, 1 hit, 0 errors, 2 left on base; University of South Carolina 1 - UCLA 0
TOP OF THE 4TH
University of South Carolina Gamecocks batting - Pitching for UCLA Bruins : LHP Daniel McConnell
Batting: RHB Brian Passalacqua 0-0: Called Strike
0-1: Foul Ball, location: 2F
0-2: Ball
1-2: Ball
2-2: Fly out, F9 (Flyball, 9LS, EV 91.9 MPH)
Batting: RHB Phil Hanley 0-0: Called Strike
0-1: Ball
1-1: Swinging Strike
1-2: Strikes out swinging
Batting: RHB Ben Turner 0-0: Ball
1-0: Called Strike
1-1: Swinging Strike
1-2: Ball
2-2: Ground out 6-3 (Groundball, 6, EV 78.8 MPH)
Top of the 4th over - 0 runs, 0 hits, 0 errors, 0 left on base; University of South Carolina 1 - UCLA 0
BOTTOM OF THE 4TH
UCLA Bruins batting - Pitching for University of South Carolina Gamecocks : LHP David Saltzman
Batting: RHB Andy Knerr 0-0: Ball
1-0: Ball
2-0: Called Strike
2-1: SINGLE (Line Drive, 7S, EV 95.6 MPH)
Batting: RHB Corey Bradley 0-0: Ball
1-0: Called Strike
1-1: Ball
2-1: Ball
3-1: Base on Balls
Andy Knerr to second
Batting: SHB Sean Munns 0-0: Called Strike
0-1: Foul Ball, location: 2F
0-2: Strikes out swinging
Batting: RHB Issac Konol 0-0: Ball
1-0: Swinging Strike
1-1: Ball
2-1: Foul Ball, location: 2F
2-2: Fly out, F8 (Line Drive, 89M, EV 97.5 MPH)
Batting: LHB Scott Mullett 0-0: Ball
1-0: Foul Ball, location: 2F
1-1: Foul Ball, location: 2F
1-2: Ball
2-2: Ball
3-2: Fly out, F7 (Flyball, 7, EV 94.4 MPH)
Bottom of the 4th over - 0 runs, 1 hit, 0 errors, 2 left on base; University of South Carolina 1 - UCLA 0
TOP OF THE 5TH
University of South Carolina Gamecocks batting - Pitching for UCLA Bruins : LHP Daniel McConnell
Now at C: Dave Spradley
Now at 1B: Mike Beck
Batting: RHB Danny Narvaez 0-0: Called Strike
0-1: Ground out 4-3 (Groundball, 34D, EV 100.6 MPH)
Batting: LHB David Saltzman 0-0: Called Strike
0-1: Swinging Strike
0-2: SINGLE (Groundball, 6D, EV 98.8 MPH)
Batting: RHB Jonathan Long 0-0: Grounds into double play, 5-4-3 (Groundball, 5S, EV 80.0 MPH)
Top of the 5th over - 0 runs, 1 hit, 0 errors, 0 left on base; University of South Carolina 1 - UCLA 0
BOTTOM OF THE 5TH
UCLA Bruins batting - Pitching for University of South Carolina Gamecocks : LHP David Saltzman
Now at C: Corey Lomas
Now at 1B: Joel Bany
Now in RF: Jonathan Rausch
Batting: RHB Michael Alvarado 0-0: Ball
1-0: SINGLE (Flyball, 89S, EV 86.9 MPH)
Batting: RHB Ivan Murillo 0-0: DOUBLE (Flyball, 89D, EV 105.0 MPH)
Michael Alvarado to third
Batting: LHB Mark Cummings 0-0: Called Strike
0-1: SINGLE (Groundball, 34S, EV 68.8 MPH) (infield hit)
Batting: RHB Ken Hillman 0-0: Ball
1-0: Called Strike
1-1: Foul Ball, location: 2F
1-2: Ball
2-2: Ball
3-2: Foul Ball, location: 2F
3-2: Foul Ball, location: 2F
3-2: SINGLE (Line Drive, 6M, EV 95.0 MPH)
Michael Alvarado scores
Ivan Murillo to third
Mark Cummings to second
Batting: RHB Andy Knerr 0-0: Foul Ball, location: 2F
0-1: Swinging Strike
0-2: Ball
1-2: Foul Ball, location: 2F
1-2: Ball
2-2: Ball
3-2: Grounds into fielders choice 1-2 (Groundball, 13, EV 65.0 MPH)
Mark Cummings to third
Ken Hillman to second
Batting: RHB Luis de Jesus 0-0: Ball
1-0: Called Strike
1-1: Ball
2-1: Fly out, F8 (Flyball, 8LD, EV 101.9 MPH)
Runner from 3rd tags up, SCORES, throw by CF
Ken Hillman to third
Pitching: RHP Carey Yarn
Now in CF: Abel Wensink
Batting: SHB Mike Beck 0-0: Ball
1-0: Foul Ball, location: 2F
1-1: SINGLE (Groundball, 6MS, EV 71.9 MPH) (infield hit)
Ken Hillman scores
Andy Knerr to second
Batting: RHB Dave Spradley 0-0: Ball
1-0: Foul Ball, location: 2F
1-1: Fielders Choice at 2nd, 6-4 (Groundball, 56D, EV 85.0 MPH)
Bottom of the 5th over - 3 runs, 5 hits, 0 errors, 2 left on base; University of South Carolina 1 - UCLA 3
TOP OF THE 6TH
University of South Carolina Gamecocks batting - Pitching for UCLA Bruins : LHP Daniel McConnell
Pinch Hitting: RHB Justin Kurutz 0-0: Ball
1-0: Called Strike
1-1: Foul Ball, location: 2F
1-2: SINGLE (Groundball, 6, EV 96.2 MPH)
Batting: LHB Corey Lomas 0-0: Foul Ball, location: 2F
0-1: Foul Ball, location: 2F
0-2: Ball
1-2: Foul Ball, location: 2F
1-2: Ball
2-2: Foul Ball, location: 2F
2-2: Strikes out swinging
Batting: RHB Jonathan Rausch 0-0: Swinging Strike
0-1: Ball
1-1: Swinging Strike
1-2: Strikes out looking
Pitching: LHP Marcus Finch
Pinch Hitting: RHB Steve Gibson 0-0: Called Strike
0-1: Ball
1-1: Ball
2-1: Swinging Strike
2-2: Ball
3-2: Strikes out swinging
Top of the 6th over - 0 runs, 1 hit, 0 errors, 1 left on base; University of South Carolina 1 - UCLA 3
BOTTOM OF THE 6TH
UCLA Bruins batting - Pitching for University of South Carolina Gamecocks : RHP Carey Yarn
Now at 3B: Justin Kurutz
Now in LF: Chris McNay
Batting: LHB Scott Mullett 0-0: Called Strike
0-1: Ground out 5-3 (Groundball, 5, EV 85.0 MPH)
Batting: RHB Michael Alvarado 0-0: Ball
1-0: Ball
2-0: Called Strike
2-1: Ball
3-1: Foul Ball, location: 2F
3-2: Foul Ball, location: 2F
3-2: SINGLE (Line Drive, 9S, EV 107.5 MPH)
Pitching: RHP Trent Lipinski
Batting: RHB Ivan Murillo 0-0: Foul Ball, location: 2F
0-1: SINGLE (Line Drive, 8RS, EV 89.4 MPH)
Michael Alvarado to second
Batting: LHB Mark Cummings 0-0: Ball
1-0: Ball
2-0: Ball
3-0: Called Strike
3-1: Foul Ball, location: 2F
3-2: Fly out, F7 (Flyball, 7, EV 91.9 MPH)
Batting: RHB Ken Hillman 0-0: Fielders Choice at 2nd, 5-4 (Groundball, 56, EV 83.1 MPH)
Bottom of the 6th over - 0 runs, 2 hits, 0 errors, 2 left on base; University of South Carolina 1 - UCLA 3
TOP OF THE 7TH
University of South Carolina Gamecocks batting - Pitching for UCLA Bruins : LHP Marcus Finch
Pitching: RHP Kyle Mann
Batting: RHB Abel Wensink 0-0: Fly out, F8 (Flyball, 8LD, EV 95.6 MPH)
Pinch Hitting: LHB Bert Webster 0-0: Ball
1-0: Ball
2-0: Ground out 6-3 (Groundball, 4M, EV 98.1 MPH)
Batting: RHB Danny Narvaez 0-0: Swinging Strike
0-1: SINGLE (Line Drive, 6MD, EV 98.1 MPH)
Batting: LHB David Fowler 0-0: Swinging Strike
0-1: Ball
1-1: Swinging Strike
1-2: Strikes out swinging
Top of the 7th over - 0 runs, 1 hit, 0 errors, 1 left on base; University of South Carolina 1 - UCLA 3
BOTTOM OF THE 7TH
UCLA Bruins batting - Pitching for University of South Carolina Gamecocks : RHP Trent Lipinski
Pitching: RHP Borisav Koljevic
Now at SS: Bert Webster
Batting: RHB Andy Knerr 0-0: Ball
1-0: Ball
2-0: Foul Ball, location: 2F
2-1: Called Strike
2-2: Strikes out swinging
Batting: RHB Luis de Jesus 0-0: Ground out 5-3 (Groundball, 56, EV 91.9 MPH)
Batting: SHB Mike Beck 0-0: Ball
1-0: Foul Ball, location: 2F
1-1: Called Strike
1-2: SOLO HOME RUN (Line Drive, 9LD, EV 95.6 MPH), Distance : 350 ft
Batting: RHB Dave Spradley 0-0: Called Strike
0-1: Ball
1-1: Ball
2-1: Foul Ball, location: 2F
2-2: SINGLE (Line Drive, 5D, EV 96.9 MPH)
Batting: LHB Scott Mullett 0-0: Ball
1-0: Fly out, F8 (Flyball, 8LS, EV 80.6 MPH)
Bottom of the 7th over - 1 run, 2 hits, 0 errors, 1 left on base; University of South Carolina 1 - UCLA 4
TOP OF THE 8TH
University of South Carolina Gamecocks batting - Pitching for UCLA Bruins : RHP Kyle Mann
Pitching: LHP Joe Landgraff
Batting: RHB Joel Bany 0-0: Foul Ball, location: 2F
0-1: Fly out, F8 (Flyball, 8RM, EV 91.9 MPH)
Batting: RHB Justin Kurutz 0-0: Ball
1-0: Foul Ball, location: 2F
1-1: Foul Ball, location: 2F
1-2: Ground out 6-3 (Groundball, 6MS, EV 68.8 MPH)
Batting: LHB Corey Lomas 0-0: Called Strike
0-1: Ball
1-1: Foul Ball, location: 2F
1-2: Ball
2-2: Foul Ball, location: 2F
2-2: Foul Ball, location: 2F
2-2: Fly out, F8 (Line Drive, 8RM, EV 92.5 MPH)
Top of the 8th over - 0 runs, 0 hits, 0 errors, 0 left on base; University of South Carolina 1 - UCLA 4
BOTTOM OF THE 8TH
UCLA Bruins batting - Pitching for University of South Carolina Gamecocks : RHP Borisav Koljevic
Pitching: LHP Mijalko Brkic
Batting: RHB Michael Alvarado 0-0: Called Strike
0-1: DOUBLE (Flyball, 8RXD, EV 101.2 MPH)
Batting: RHB Ivan Murillo 0-0: Ball
1-0: Ball
2-0: Ball
3-0: Called Strike
3-1: SINGLE (Line Drive, 6MD, EV 100.0 MPH)
Michael Alvarado to third
Batting: LHB Mark Cummings 0-0: Ball
1-0: Foul Ball, location: 2F
1-1: Fielders Choice at 2nd, 3-6 (Groundball, 3S, EV 92.5 MPH)
Michael Alvarado scores
Batting: RHB Ken Hillman 0-0: Ball
1-0: Called Strike
1-1: Ground out 6-3 (Groundball, 6S, EV 70.0 MPH)
Mark Cummings to second
Batting: RHB Andy Knerr 0-0: Ball
1-0: Ball
2-0: Ball
3-0: Base on Balls
Batting: RHB Luis de Jesus 0-0: Ball
1-0: Swinging Strike
1-1: Called Strike
1-2: Strikes out swinging
Bottom of the 8th over - 1 run, 2 hits, 0 errors, 2 left on base; University of South Carolina 1 - UCLA 5
TOP OF THE 9TH
University of South Carolina Gamecocks batting - Pitching for UCLA Bruins : LHP Joe Landgraff
Pitching: RHP Cyrano Papadoupolos
Pinch Hitting: RHB Lance Neldon 0-0: Fly out, F8 (Flyball, 8LD, EV 86.9 MPH)
Batting: LHB Chris McNay 0-0: Swinging Strike
0-1: Ground out 4-3 (Groundball, 34D, EV 107.5 MPH)
Pinch Hitting: LHB Jonathan Barker 0-0: Ball
1-0: Foul Ball, location: 2F
1-1: Ball
2-1: Ball
3-1: Fly out, F7 (Flyball, 7S, EV 87.5 MPH)
Top of the 9th over - 0 runs, 0 hits, 0 errors, 0 left on base; University of South Carolina 1 - UCLA 5
Tuesday, March 28th , 2023 - OOTP Baseball 23.10 Build 110